 Dungeon Crawl Stone Soup version 0.19-a0-1213-g90c832c (webtiles) character file.

128 LORDOFBUTT the Shield-Bearer (level 4, 0/40 HPs)
             Began as a Minotaur Fighter on Aug 22, 2016.
             Killed from afar by Natasha (4 damage)
             ... with a magic dart
             ... on level 2 of the Dungeon.
             The game lasted 00:01:58 (628 turns).

LORDOFBUTT the Shield-Bearer (Minotaur Fighter)      Turns: 628, Time: 00:02:00

Health: 0/40       AC:  7    Str: 21    XL:     4   Next: 87%
Magic:  3/3        EV:  8    Int:  5    God:
Gold:   61         SH:  9    Dex:  8    Spells: 0 memorised, 3 levels left

rFire  . . .     SeeInvis .     a - +0 flail
rCold  . . .     Gourm    .     b - +0 scale mail
rNeg   . . .     Faith    .     c - +0 shield
rPois  .         Spirit   .     (helmet restricted)
rElec  .         Dismiss  .     (no cloak)
rCorr  .         Reflect  .     (no gloves)
MR     .....     Harm     .     (no boots)
Stlth  ..........               (no amulet)
                                (no ring)
                                h - -2 ring of dexterity (curse)

@: slowed, very slow
A: retaliatory headbutt, horns 2
a: no special abilities


You were on level 2 of the Dungeon.
You were not hungry.

You visited 1 branch of the dungeon, and saw 2 of its levels.

You collected 61 gold pieces.

Inventory:

Hand Weapons
 a - a +0 flail (weapon)
Armour
 b - a +0 scale mail (worn)
 c - a +0 shield (worn)
Jewellery
 h - a cursed -2 ring of dexterity (left hand)
Scrolls
 e - 2 scrolls of noise
Potions
 d - a potion of might
 g - a potion of heal wounds {unknown}
 j - 2 potions of curing {unknown}
Comestibles
 f - a bread ration
 i - a meat ration
 k - 2 slices of pizza


   Skills:
 + Level 4.3 Fighting
 + Level 3.1 Maces & Flails
 + Level 4.3 Armour
 + Level 2.1 Dodging
 + Level 4.8 Shields


You had 3 spell levels left.
You didn't know any spells.

Dungeon Overview and Level Annotations

Branches:
Dungeon (2/15)

Altars:

Annotations:
D:2 Natasha


Innate Abilities, Weirdness & Mutations

You reflexively headbutt those who attack you in melee.
You have a pair of horns on your head.


Message History

The crimson imp is lightly wounded.
Your transformation has ended.
Your +0 flail unmelds from your body.
Your +0 shield unmelds from your body.
Your +0 scale mail unmelds from your body.
Your cursed -2 ring of dexterity unmelds from your body.
You feel clumsy. The crimson imp closely misses you.
A magic dart appears from out of thin air!
The magic dart hits you!
* * * LOW HITPOINT WARNING * * *
You block the crimson imp's attack.
You closely miss the crimson imp. The crimson imp closely misses you.
You block the crimson imp's attack.
You hit the crimson imp.
The crimson imp is lightly wounded.
The crimson imp hits you but does no damage.
You block the crimson imp's attack.
A magic dart appears from out of thin air!
The magic dart hits you!
You die...

##..# #........†......##
####..## #...........##....
#......# #................#
#......# #............###..
#.....<####.............###.
#.........................#.
#......####.#..............#
#......# #...........<.....
######## #@....5.....##.##.
##5.....†....†...##
#................#
#..................
#..................
####.............##
#...############# ##..##
#..##


You could see 2 crimson imps.

Vanquished Creatures
  Ijyb (D:2)
  Natasha (twice) (D:2)
  2 adders (D:2)
  A dart slug (D:1)
  A giant gecko (D:1)
  3 bats
  A giant cockroach (D:1)
  4 goblins (D:1)
  7 hobgoblins
  3 jackals (D:1)
  4 giant newts (D:1)
  2 kobolds (D:1)
  4 rats
35 creatures vanquished.

Notes
Turn   | Place    | Note
-------+----------+-------------------------------------------
     0 | D:1      | LORDOFBUTT the Minotaur Fighter began the quest for the Orb.
     0 | D:1      | Reached XP level 1. HP: 19/19 MP: 0/0
   145 | D:1      | Reached XP level 2. HP: 21/27 MP: 1/1
   340 | D:1      | Reached XP level 3. HP: 25/33 MP: 2/2
   427 | D:2      | Noticed Natasha
   431 | D:2      | Killed Natasha
   431 | D:2      | Reached skill level 1 in Dodging
   487 | D:2      | Noticed Natasha
   487 | D:2      | Reached XP level 4. HP: 37/40 MP: 3/3
   492 | D:2      | Killed Natasha
   500 | D:2      | Noticed Ijyb
   518 | D:2      | Killed Ijyb
   600 | D:2      | Noticed Natasha
   628 | D:2      | Killed from afar by Natasha

Vault maps used:
D:1:      saegor_arrival_simple_d, minivault_24
D:2:      serial_bayou_pond_b, uniq_natasha, uniq_iyjb

Skill      XL: |  1  2  3  4 |
---------------+-------------+-----
Shields        | 4 |  4.8
Armour         | 4 |  4.3
Fighting       | 4 |  4.3
Dodging        | 1 2 |  2.1
Maces & Flails | 3 |  3.1

Action                   |  1- 3 |  4- 6 || total
-------------------------+-------+-------++-------
Melee: Flail             |    84 |    16 ||   100
       Headbutt          |     5 |     2 ||     7
       Unarmed           |       |    13 ||    13
  Use: Scroll            |     1 |       ||     1
Armor: Scale mail        |    39 |     5 ||    44
       Skin              |       |     5 ||     5
Dodge: Dodged            |    29 |    17 ||    46
Block: Shield            |    45 |    10 ||    55
